 Dungeon Crawl Stone Soup version 0.31-a0-240-gb923e448b6 (webtiles) character file.

Game seed: 6647513388115306975

698 qw the Shooter (level 7, 0/43 HPs)
             Began as a Gargoyle Hexslinger on July 11, 2023.
             Was an Initiate of Okawaru.
             Slain by an orc warrior
             ... wielding a +0 hand axe
              (4 damage)
             ... on level 6 of the Dungeon.
             The game lasted 00:01:35 (3704 turns).

qw the Shooter (Gargoyle Hexslinger)                Turns: 3704, Time: 00:01:35

Health: 0/43       AC: 13    Str: 11    XL:     7   Next: 65%
Magic:  8/8        EV: 10    Int: 14    God:    Okawaru [......]
Gold:   270        SH:  0    Dex: 14    Spells: 7/8 levels left

rFire   . . .        Y - +2 sling
rCold   . . .        (no shield)
rNeg    + . .        m - +0 ring mail
rPois   inf          o - +1 helmet
rElec   +            n - +0 cloak
rCorr   .            (no gloves)
SInv    .            (no boots)
Will    .....        f - amulet of faith
Stlth   +            (no ring)
HPRegen 0.27/turn    (no ring)
MPRegen 0.11/turn

%: faith
@: no status effects
A: sickness immunity, AC +4, negative energy resistance 1, electricity
resistance, torment resistance 1, petrification resistance
a: Renounce Religion


You were on level 6 of the Dungeon.
You worshipped Okawaru.
Okawaru was noncommittal.
You visited 2 branches of the dungeon, and saw 7 of its levels.

You collected 270 gold pieces.


Innate Abilities, Weirdness & Mutations

You are immune to sickness and miasma.
Your stone body is resilient. (AC +4)
You are immune to poison.
You resist negative energy. (rN+)
You are resistant to electric shocks. (rElec)
You are resistant to unholy torment.
You are immune to petrification.


   Skills:
 - Level 4.2 Fighting
 - Level 7.2 Ranged Weapons
 + Level 1.7 Armour
 - Level 1.5 Dodging
 - Level 1.0 Spellcasting
 - Level 2.6 Hexes


You had 7 spell levels left.
You knew the following spells:

 Your Spells              Type           Power      Damage    Failure   Level
a - Slow                  Hex            32%        N/A       21%         1

Your spell library contained the following spells:

 Spells                   Type           Power      Damage    Failure   Level
 Inner Flame              Hex/Fire       4%         N/A       71%         3
 Portal Projectile        Hex/Tloc       8%         N/A       71%         3
 Cause Fear               Hex            4%         N/A       90%         4

Inventory:

Hand Weapons
 Y - a +2 sling (weapon)
Armour
 m - a +0 ring mail (worn)
 n - a +0 cloak (worn)
 o - a +1 helmet (worn)
Jewellery
 e - a +6 ring of dexterity
 f - an amulet of faith (around neck)
 j - an amulet of regeneration
Scrolls
 a - a scroll of identify
 b - a scroll of brand weapon {unknown}
Potions
 c - a potion of curing
 g - a potion of haste
 h - 2 potions of mutation {unknown}
 k - 2 potions of might

Dungeon Overview and Level Annotations

Branches:
Dungeon (6/15)             Temple (1/1) D:5

Altars:
Ashenzari
Dithmenos
Fedhas
Gozag
Kikubaaqudgha
Makhleb
Okawaru
Qazlal
Ru
Sif Muna
Trog
Vehumet
Wu Jian
Zin

Annotations:
D:4 Ijyb


Message History

You shoot a sling bullet. The sling bullet hits the orc warrior.
The orc warrior is moderately wounded.
The orc warrior hits you with a +0 hand axe.
The orc warrior barely misses you.
You shoot a sling bullet.
The sling bullet closely misses the orc warrior.
The orc warrior hits you but does no damage.
You shoot a sling bullet.
The sling bullet hits the orc warrior but does no damage.
The orc warrior is moderately wounded.
The orc warrior hits you but does no damage.
You shoot a sling bullet.
The sling bullet hits the orc warrior but does no damage.
The orc warrior is moderately wounded.
The orc warrior hits you but does no damage.
You shoot a sling bullet.
The sling bullet closely misses the orc warrior.
The orc warrior hits you with a +0 hand axe.
You shoot a sling bullet.
The sling bullet barely misses the orc warrior.
The orc warrior hits you with a +0 hand axe!
You shoot a sling bullet.
The sling bullet hits the orc warrior but does no damage.
The orc warrior is moderately wounded.
The orc warrior hits you but does no damage.
You shoot a sling bullet.
The sling bullet closely misses the orc warrior.
The orc warrior closely misses you.
The orc warrior hits you with a +0 hand axe.
You shoot a sling bullet.
The sling bullet closely misses the orc warrior.
The orc warrior hits you but does no damage.
You shoot a sling bullet.
The sling bullet hits the orc warrior but does no damage.
The orc warrior is moderately wounded.
The orc warrior hits you but does no damage.
You shoot a sling bullet. The sling bullet hits the orc warrior.
The orc warrior is heavily wounded.
The orc warrior hits you with a +0 hand axe.
You die...

.................########
.........................
.........................
........####'####........
#########.......#........
...........'........
...........#...####
...........#.###
######+####@##
........o......
.......?.......
............~~.
...........~..~
...........~...
..####......~~} ..
........}~


You could see an orc warrior.

Vanquished Creatures
  Eustachio (D:4)
  2 ice beasts
  A phantom (D:5)
  A scorpion (D:4)
  2 jellies
  An orc priest (D:5)
  Terence (D:2)
  An orc wizard (D:4)
  Robin (D:2)
  3 adders
  2 dart slugs
  4 orcs
  3 endoplasms
  7 giant cockroaches
  15 goblins
  8 hobgoblins
  4 quokkas
  3 ball pythons
  A bat (D:3)
  A frilled lizard (D:1)
  3 kobolds
  4 rats
69 creatures vanquished.

Notes
Turn   | Place    | Note
-------+----------+-------------------------------------------
     0 | D:1      | qw the Gargoyle Hexslinger began the quest for the Orb.
     0 | D:1      | Reached XP level 1. HP: 12/12 MP: 2/2
     0 | D:1      | 0 ||| qw: Version: 0.3-a-52-g30416fa
     0 | D:1      | 0 ||| qw: Game counter: 5988
     0 | D:1      | 0 ||| qw: Melee chars always use a shield: true
     0 | D:1      | 0 ||| qw: God list: Okawaru
     0 | D:1      | 0 ||| qw: Allow faded altars: false
     0 | D:1      | 0 ||| qw: Do Orc after clearing Dungeon:15 true
     0 | D:1      | 0 ||| qw: Do second Lair branch before Depths: true
     0 | D:1      | 0 ||| qw: Lair rune preference: random
     0 | D:1      | 0 ||| qw: Goals: Normal
     0 | D:1      | 0 ||| PLANNING D:1-11
   105 | D:1      | Reached XP level 2. HP: 16/16 MP: 3/3
   278 | D:1      | Reached skill level 3 in Ranged Weapons
   379 | D:1      | 379 ||| UPGRADING to +0 leather armour.
   389 | D:1      | 389 ||| DROPPING +0 robe.
   390 | D:1      | 390 ||| UPGRADING to amulet of faith.
   395 | D:1      | 395 ||| READING 2 scrolls labelled UMEOTEHUQO.
   396 | D:1      | 396 ||| READING scroll labelled XIUQAM FACES.
   397 | D:1      | 397 ||| DRINKING 2 coppery potions.
   398 | D:1      | 398 ||| DROPPING scroll of poison.
   399 | D:1      | 399 ||| DROPPING potion of invisibility.
   424 | D:2      | 424 ||| STAIRDANCE
   428 | D:1      | Reached XP level 3. HP: 19/21 MP: 4/4
   489 | D:2      | Noticed Terence
   501 | D:2      | Killed Terence
   537 | D:2      | 537 ||| FLEEEEING.
   538 | D:2      | 538 ||| FLEEEEING.
   539 | D:2      | 539 ||| FLEEEEING.
   546 | D:2      | 546 ||| STAIRDANCE
  1024 | D:2      | Reached XP level 4. HP: 26/26 MP: 5/5
  1089 | D:2      | Noticed Robin
  1096 | D:2      | Reached skill level 4 in Ranged Weapons
  1105 | D:2      | HP: 6/26 [Robin/+0 spear (3)]
  1113 | D:2      | Killed Robin
  1372 | D:2      | 1372 ||| UPGRADING to +0 ring mail.
  1382 | D:2      | 1382 ||| DROPPING +0 leather armour.
  1383 | D:2      | 1383 ||| UPGRADING to +0 cloak.
  1388 | D:2      | 1388 ||| UPGRADING to +0 helmet.
  1393 | D:2      | 1393 ||| READING scroll labelled SEHURE ASOCSU.
  1397 | D:2      | 1397 ||| READING scroll labelled BAISTROABO.
  1398 | D:2      | 1398 ||| READING scroll labelled JOCWORONTU.
  1399 | D:2      | 1399 ||| READING scroll labelled HEUNAL YDGHEN.
  1400 | D:2      | 1400 ||| READING 3 scrolls of identify.
  1400 | D:2      | 1400 ||| IDENTIFYING fuming brown potion
  1401 | D:2      | 1401 ||| READING 2 scrolls of identify.
  1401 | D:2      | 1401 ||| IDENTIFYING fuming purple potion
  1402 | D:2      | 1402 ||| DROPPING potion of berserk rage.
  1403 | D:2      | 1403 ||| DROPPING potion of lignification.
  1424 | D:3      | 1424 ||| DRINKING 2 ruby potions.
  1430 | D:3      | Found a faded altar of an unknown god.
  1508 | D:3      | Found a broken altar of Ashenzari.
  1521 | D:3      | Reached skill level 1 in Armour
  1583 | D:3      | Found an ornate altar of the Wu Jian Council.
  1849 | D:3      | 1849 ||| READING scroll of enchant armour.
  1849 | D:3      | 1849 ||| ENCHANTING +0 helmet.
  1905 | D:3      | Found a shadowy altar of Dithmenos.
  1936 | D:3      | Found a sacrificial altar of Ru.
  1985 | D:3      | Reached XP level 5. HP: 30/30 MP: 6/6
  2124 | D:3      | 2124 ||| READING scroll labelled SUAMYOGESM.
  2125 | D:3      | 2125 ||| READING scroll labelled ZYBLAGYREU.
  2215 | D:4      | Reached skill level 5 in Ranged Weapons
  2420 | D:4      | Reached skill level 3 in Fighting
  2464 | D:4      | Noticed Ijyb
  2466 | D:4      | 2466 ||| Stepping ~*~*~tactically~*~*~ (outnumbered).
  2468 | D:4      | 2468 ||| Stepping ~*~*~tactically~*~*~ (outnumbered).
  2470 | D:4      | 2470 ||| Stepping ~*~*~tactically~*~*~ (outnumbered).
  2472 | D:4      | 2472 ||| Stepping ~*~*~tactically~*~*~ (outnumbered).
  2496 | D:4      | HP: 8/32 [dart slug (2)]
  2497 | D:4      | 2497 ||| READING scroll of teleportation.
  2620 | D:4      | Reached XP level 6. HP: 32/37 MP: 7/7
  2816 | D:4      | Noticed Eustachio
  2833 | D:4      | Killed Eustachio
  2834 | D:4      | Reached skill level 6 in Ranged Weapons
  2900 | D:4      | Found a shimmering blue altar of Sif Muna.
  2930 | D:4      | 2930 ||| DROPPING +6 ring of intelligence.
  2931 | D:4      | 2931 ||| DRINKING 2 sapphire potions.
  2932 | D:4      | 2932 ||| DRINKING 2 black potions.
  2954 | D:5      | Entered Level 5 of the Dungeon
  3050 | D:5      | Reached XP level 7. HP: 41/43 MP: 8/8
  3105 | D:5      | Found a staircase to the Ecumenical Temple.
  3106 | D:5      | 3106 ||| PLANNING TEMPLE
  3108 | D:5      | 3108 ||| READING 2 scrolls of identify.
  3108 | D:5      | 3108 ||| IDENTIFYING fuming coppery potion
  3118 | Temple   | Entered the Ecumenical Temple
  3118 | Temple   | Noticed a cacodemon
  3118 | Temple   | Noticed a Hell Sentinel
  3118 | Temple   | Noticed a Tzitzimitl
  3119 | Temple   | Noticed Xiulos the pandemonium lord
  3119 | Temple   | Noticed a shadow demon
  3119 | Temple   | Noticed a red devil
  3119 | Temple   | Noticed an ice devil
  3119 | Temple   | Noticed Jossir Eviss the pandemonium lord
  3147 | Temple   | Noticed Xyophol the pandemonium lord
  3148 | Temple   | Noticed a Brimstone Fiend
  3149 | Temple   | Noticed an Ice Fiend
  3169 | Temple   | Noticed Aguull the pandemonium lord
  3175 | Temple   | Noticed a cacodemon
  3175 | Temple   | Noticed a Tzitzimitl
  3176 | Temple   | Noticed Tonouvu the pandemonium lord
  3187 | Temple   | 3187 ||| PLANNING OKAWARU WORSHIP
  3194 | Temple   | Noticed a reaper
  3194 | Temple   | Noticed an orange demon
  3195 | Temple   | Noticed a reaper
  3196 | Temple   | Noticed Saawk the pandemonium lord
  3196 | Temple   | Noticed a soul eater
  3241 | Temple   | Became a worshipper of Warmaster Okawaru
  3242 | Temple   | 3242 ||| PLANNING D:1-11
  3537 | D:6      | Reached skill level 7 in Ranged Weapons
  3690 | D:6      | HP: 5/43 [orc warrior/+0 hand axe (8)]
  3691 | D:6      | 3691 ||| DRINKING potion of heal wounds.
  3699 | D:6      | HP: 8/43 [orc warrior/+0 hand axe (9)]
  3701 | D:6      | HP: 3/43 [orc warrior/+0 hand axe (6)]
  3704 | D:6      | Slain by an orc warrior

Levels and vault maps discovered:
D:1:      heliophobic_arrival_dark_side_of_the_moon, layout_rooms
D:2:      layout_basic, uniq_terence, uniq_robin
D:3:      layout_loops_cross, lemuel_coloured_pillars_altar,
          mainiacjoe_overflow_catwalk, mainiacjoe_overflow_alcove_2,
          nicolae_ru_path_of_blood, shapermc_ecumenical_altar_notcrosses,
          grunt_ministairs_4
D:4:      layout_basic, tgw_sif, uniq_eustachio, uniq_ijyb
D:5:      layout_cave_pools, minmay_temple_entry_proselytizer
D:6:      cheibrodos_helix_gallery, layout_gridville,
          nicolae_overflow_crystal_walls, nemelex_diamond_rough_becter,
          mainiacjoe_overflow_24_doors, minivault_1, uniq_sigmund
Temple:   nicolae_temple_panitentiary

Skill      XL: |  1  2  3  4  5  6  7 |
---------------+----------------------+-----
Ranged Weapons | 3 4 5 6 7 |  7.2
Fighting       | 2 3 4 |  4.2
Armour         | 1 |  1.7
Dodging        | |  1.5
Spellcasting   | |  1.0
Hexes          | |  2.6

Action                     |  1- 3 |  4- 6 |  7- 9 || total
---------------------------+-------+-------+-------++-------
   Fire: Sling             |    86 |   189 |    68 ||   343
    Use: Scroll            |     2 |    10 |     1 ||    13
         Potion            |     1 |     3 |     1 ||     5
 Armour: Robe              |     2 |       |       ||     2
         Leather armour    |     3 |    13 |       ||    16
         Ring mail         |       |    59 |    28 ||    87
  Dodge: Dodged            |    17 |    66 |    23 ||   106

Table legend:
 A = Non-vault XP
 B = Vault XP
 C = Vault XP percentage of total XP
 D = Non-vault monster count
 E = Vault monster count
 F = Vault count percentage of total count
                 A         B        C        D         E       F
            +---------+---------+-------+---------+---------+-------
      Total |     656 |     342 |  34.3 |      52 |      17 |  24.6
            +---------+---------+-------+---------+---------+-------
        D:1 |      36 |       0 |   0.0 |      15 |       0 |   0.0
        D:2 |      18 |      71 |  79.8 |      10 |      12 |  54.5
        D:3 |      36 |       4 |  10.0 |      12 |       2 |  14.3
        D:4 |     159 |     226 |  58.7 |      10 |       2 |  16.7
        D:5 |     243 |      41 |  14.4 |       3 |       1 |  25.0
        D:6 |     164 |       0 |   0.0 |       2 |       0 |   0.0
            +---------+---------+-------+---------+---------+-------
